Oilers vs Kings

Created - 27 février 2015 at 19:06

Goals
1 2 3 T
Oilers 1 4 2 7
Kings 1 0 1 2
Shots
1 2 3 T
Oilers 5 22 10 37
Kings 9 6 13 28

1st period

1. Oilers , Eric Nystrom 13 (Patrick Kaleta, Jonathan Toews) at 13:10
2. Kings , Joe Sakic 21 (Jordan Eberle, Patrick Marleau) at 15:59

Penalties :
No Penalty

2nd period

3. Oilers , Pavel Datsyuk 34 (Christian Ehrhoff, Patrick Kane) at 5:30 (PP)
4. Oilers , Jonathan Toews 25 (Ilya Kovalchuk, Christian Ehrhoff) at 9:19 (PP)
5. Oilers , Pavel Datsyuk 35 (Patrick Kane) at 10:54 (PP)
6. Oilers , Patrick Kane 39 (Pavel Datsyuk) at 13:10 (PP)

Penalties :
Michel Ouellet (LAK) for Roughing (Minor) at 5:19, Ilya Kovalchuk (Edm) for Hooking (Minor) at 6:40, Oliver Ekman-Larsson (LAK) for Interference (Minor) at 8:50, Michel Ouellet (LAK) for Hooking (Minor) at 10:35, Mikkel Boedker (LAK) for Holding (Minor) at 11:22, Mikkel Boedker (LAK) for Holding (Minor) at 18:38

3rd period

7. Kings , Jordan Eberle 11 (Joe Sakic) at 10:36
8. Oilers , Adam Burish 20 (Ilya Kovalchuk, Scott Niedermayer) at 14:17 (PP)
9. Oilers , Christian Ehrhoff 5 (Patrick Kane) at 18:50 (PP)

Penalties :
Anze Kopitar (LAK) for Hooking (Minor) at 4:59, Patrick Marleau (LAK) for Holding (Minor) at 13:45, Sean Avery (LAK) for Fighting (Major) at 15:32, Peter Regin (Edm) for Fighting (Major) at 15:32, Joe Sakic (LAK) for Roughing (Double Minor) at 18:31

Goalie Stats

Cam Ward (Edm), 26 saves from 28 shots - (0,929), W, 26-21-4, 60:00 minutes
Jonathan Bernier (LAK), 10 saves from 14 shots - (0,714), L, 11-10-2, 30:54 minutes
Jean-Sébastien Giguère (LAK), 20 saves from 23 shots - (0,870), 29:06 minutes

Players Stats for Oilers

Player Name              G  A  P  +/- PIM S  H  SB GA TA FO     MP     PP MP  PK MP  
------------------------------------------------------------------------------------
Adam Burish              1  0  1  -1  0   2  2  0  0  0  0/0    18:47   4:37   0:53 
Christian Ehrhoff        1  2  3   0  0   3  0  0  1  1  0/0    25:49   4:17   1:10 
Duncan Keith             0  0  0  -1  0   0  1  2  1  0  0/0    22:19   4:28   0:49 
Eric Nystrom             1  0  1   1  0   2  0  0  0  0  0/0    11:10   0:00   0:11 
Ian White                0  0  0   0  0   6  3  0  0  0  0/0    25:49   4:17   1:10 
Ilya Kovalchuk           0  2  2  -1  2   5  0  1  3  0  0/0    18:17   4:37   0:00 
Jonathan Toews           1  1  2  -1  0   3  2  1  1  0  12/18  18:09   4:37   0:11 
Lubos Bartecko           0  0  0   0  0   0  0  0  1  0  0/0     8:26   0:00   0:00 
Olli Jokinen             0  0  0   1  0   0  1  1  1  1  0/1    10:55   0:00   0:00 
Patrick Kaleta           0  1  1   1  0   0  1  0  0  0  0/0    10:55   0:00   0:00 
Patrick Kane             1  3  4  -1  0   3  3  1  2  0  1/2    20:42   4:08   0:00 
Pavel Datsyuk            2  1  3  -1  0   8  3  0  3  0  25/40  21:35   4:08   0:53 
Peter Regin              0  0  0   0  5   2  0  0  0  0  0/1     9:00   0:00   0:55 
Scott Niedermayer        0  1  1  -1  0   1  1  5  1  1  0/0    22:19   4:28   0:49 
Steve Begin              0  0  0   0  0   0  1  0  0  0  0/0     9:21   0:00   0:55 
Steve Staios             0  0  0   0  0   0  1  0  0  1  0/0    11:52   0:00   0:00 
Tomas Fleischmann        0  0  0  -1  0   1  2  0  1  1  1/4    20:42   4:08   0:00 
Zach Bogosian            0  0  0   0  0   1  0  0  0  0  0/0    11:52   0:00   0:00 

Players Stats for Kings

Player Name              G  A  P  +/- PIM S  H  SB GA TA FO     MP     PP MP  PK MP  
------------------------------------------------------------------------------------
Andy Rogers              0  0  0   0  0   2  0  4  0  2  0/0    19:25   1:11   6:34 
Antti Miettinen          0  0  0  -1  0   2  2  0  0  1  0/1    16:45   0:00   5:48 
Anze Kopitar             0  0  0   0  2   4  1  1  0  0  9/22   18:15   0:57   1:22 
Brandon Dubinsky         0  0  0  -1  0   3  3  1  0  1  1/5    12:22   1:02   0:53 
Branko Radivojevic       0  0  0   0  0   3  1  1  0  1  0/0     8:37   0:00   1:45 
Brian Pothier            0  0  0   0  0   0  2  1  1  1  0/0    23:17   0:00   2:11 
Jamie Benn               0  0  0  -1  0   1  2  0  0  0  0/1    12:41   1:02   1:12 
Joe Sakic                1  1  2   2  4   4  0  1  0  1  13/29  20:54   0:05   4:45 
Jordan Eberle            1  1  2   2  0   1  2  0  1  0  1/2    16:25   0:54   0:00 
Marc-Édouard Vlasic      0  0  0   1  0   1  1  2  0  1  0/0    17:30   1:11   0:00 
Michel Ouellet           0  0  0   0  4   0  1  1  0  1  0/1    15:50   0:00   0:00 
Mike Green               0  0  0   0  0   5  3  3  1  0  0/0    24:16   0:48   2:11 
Mikkel Boedker           0  0  0   0  4   1  7  0  1  1  0/0    17:26   1:02   0:00 
Nathan Dempsey           0  0  0   1  0   0  1  3  0  5  0/0    22:53   0:00   6:34 
Oliver Ekman-Larsson     0  0  0   0  2   0  0  0  0  0  0/0    12:38   0:48   0:00 
Patrick Marleau          0  1  1   2  2   1  0  1  1  0  0/1    16:24   0:55   0:00 
Randy Robitaille         0  0  0   0  0   0  0  0  0  0  3/4     8:37   0:00   1:45 
Sean Avery               0  0  0   0  5   0  0  0  0  0  0/0     6:51   0:00   0:00 

3 Stars

1 - Patrick Kane (Edm)
2 - Pavel Datsyuk (Edm)
3 - Jordan Eberle (LAK)

Power Play

Oilers - 6 on 9 Attempt(s) - 66,67%
Kings - 0 on 1 Attempt(s) - 0,00%

Penalty Kill

Oilers - 1 on 1 Attempt(s) - 100,00% - Score 0 goal in Penalty Kill
Kings - 3 on 9 Attempt(s) - 33,33% - Score 0 goal in Penalty Kill

Team Stat

Oilers - Hits : 21 - Faceoff Wins : 39 - Blocked Shots : 11 - Penalty Minutes : 7
Kings - Hits : 26 - Faceoff Wins : 27 - Blocked Shots : 19 - Penalty Minutes : 23

Official

Referees : Kozari Steve and Hebert Ghislain
Linesman : Lonnie Cameron and Tim Nowak

Game Notes

Jean-Sébastien Giguère enters game at 10:54 of 2nd period
Sean Avery and Peter Regin fight to a draw at 15:32 of 3rd period

Finance

Level 1 -- Attendance: 6000 (100,00%) -- Ticket Income 420 000 $
Level 2 -- Attendance: 4665 (93,30%) -- Ticket Income 209 925 $
Level 3 -- Attendance: 2000 (100,00%) -- Ticket Income 50 000 $
Level 4 -- Attendance: 4000 (100,00%) -- Ticket Income 60 000 $
Luxury Box -- Attendance: 1000 (100,00%) -- Ticket Income 130 000 $
Game was played at the Staples Center'
Total Attendance: 17665 (98,14%)
Total Ticket Income: 869 925 $
Other Income: 130 489 $
Total Income: 1 000 414 $

Oilers

5 vs 5 Forward 
   Center                   Left Wing                Right Wing               Time % Phy DF OF 
 1 Pavel Datsyuk            Tomas Fleischmann        Patrick Kane             40     1   2  2  
 2 Jonathan Toews           Ilya Kovalchuk           Adam Burish              35     1   2  2  
 3 Olli Jokinen             Eric Nystrom             Patrick Kaleta           16     1   2  2  
 4 Peter Regin              Steve Begin              Lubos Bartecko           9      1   2  2  

5 vs 5 Defense 
   Defense                  Defense                                           Time % Phy DF OF 
 1 Ian White                Christian Ehrhoff                                 40     1   2  2  
 2 Duncan Keith             Scott Niedermayer                                 30     1   2  2  
 3 Steve Staios             Zach Bogosian                                     24     1   2  2  
 4 Duncan Keith             Scott Niedermayer                                 6      1   2  2  

PowerPlay Forward 
   Center                   Left Wing                Right Wing               Time % Phy DF OF 
 1 Pavel Datsyuk            Tomas Fleischmann        Patrick Kane             50     0   2  3  
 2 Jonathan Toews           Ilya Kovalchuk           Adam Burish              50     0   2  3  

PowerPlay Defense
   Defense                  Defense                                           Time % Phy DF OF 
 1 Ian White                Christian Ehrhoff                                 50     1   2  2  
 2 Duncan Keith             Scott Niedermayer                                 50     1   2  2  

Penalty Kill 4 Players Forward 
   Center                   Wing                     Time % Phy DF OF 
 1 Pavel Datsyuk            Adam Burish              50     1   3  1  
 2 Peter Regin              Steve Begin              50     1   3  1  

Penalty Kill 4 Players Defense
   Defense                  Defense                  Time % Phy DF OF 
 1 Ian White                Christian Ehrhoff        50     1   3  1  
 2 Duncan Keith             Scott Niedermayer        50     1   3  1  

Penalty Kill - 3 Players Forward 
   Forward                                           Time % Phy DF OF 
 1 Pavel Datsyuk                                     50     1   4  0  
 2 Jonathan Toews                                    50     1   4  0  

Penalty Kill - 3 Players Defense
   Defense                  Defense                  Time % Phy DF OF 
 1 Ian White                Christian Ehrhoff        50     1   4  0  
 2 Duncan Keith             Scott Niedermayer        50     1   4  0  

4 vs 4 Forward 
   Center                   Wing                     Time % Phy DF OF 
 1 Pavel Datsyuk            Patrick Kane             50     1   2  2  
 2 Jonathan Toews           Ilya Kovalchuk           50     1   2  2  

4 vs 4 Defense
   Defense                  Defense                  Time % Phy DF OF 
 1 Ian White                Christian Ehrhoff        50     1   2  2  
 2 Duncan Keith             Scott Niedermayer        50     1   2  2  

Last Minutes Offensive
   Center                   Left Wing                Right Wing               Defense                  Defense                  
   Pavel Datsyuk            Ilya Kovalchuk           Patrick Kane             Ian White                Duncan Keith             

Last Minutes Defensive
   Center                   Left Wing                Right Wing               Defense                  Defense                  
   Pavel Datsyuk            Ilya Kovalchuk           Patrick Kane             Ian White                Duncan Keith             

Goaltenders
Starting : Cam Ward                 
Backup : Sebastien Caron          

Extra Forwards
Normal : Ilya Kovalchuk, Pavel Datsyuk, Patrick Kane - PP : Patrick Kaleta, Peter Regin - PK : Ilya Kovalchuk
Extra Defensemen
Normal : Duncan Keith, Christian Ehrhoff, Ian White - PP : Zach Bogosian - PK : Steve Staios, Zach Bogosian
Penalty Shots
Ilya Kovalchuk, Patrick Kane, Pavel Datsyuk, Jonathan Toews, Olli Jokinen

Kings

5 vs 5 Forward 
   Center                   Left Wing                Right Wing               Time % Phy DF OF 
 1 Joe Sakic                Patrick Marleau          Jordan Eberle            35     1   2  2  
 2 Anze Kopitar             Mikkel Boedker           Michel Ouellet           35     1   2  2  
 3 Brandon Dubinsky         Jamie Benn               Antti Miettinen          25     0   3  2  
 4 Randy Robitaille         Sean Avery               Branko Radivojevic       5      1   4  0  

5 vs 5 Defense 
   Defense                  Defense                                           Time % Phy DF OF 
 1 Brian Pothier            Mike Green                                        40     1   2  2  
 2 Nathan Dempsey           Marc-Édouard Vlasic                               35     1   2  2  
 3 Andy Rogers              Oliver Ekman-Larsson                              20     0   3  2  
 4 Andy Rogers              Oliver Ekman-Larsson                              5      0   3  2  

PowerPlay Forward 
   Center                   Left Wing                Right Wing               Time % Phy DF OF 
 1 Anze Kopitar             Patrick Marleau          Jordan Eberle            60     1   2  2  
 2 Brandon Dubinsky         Mikkel Boedker           Jamie Benn               40     1   2  2  

PowerPlay Defense
   Defense                  Defense                                           Time % Phy DF OF 
 1 Oliver Ekman-Larsson     Mike Green                                        60     0   2  3  
 2 Andy Rogers              Marc-Édouard Vlasic                               40     0   2  3  

Penalty Kill 4 Players Forward 
   Center                   Wing                     Time % Phy DF OF 
 1 Joe Sakic                Antti Miettinen          60     0   4  1  
 2 Randy Robitaille         Branko Radivojevic       40     0   4  1  

Penalty Kill 4 Players Defense
   Defense                  Defense                  Time % Phy DF OF 
 1 Andy Rogers              Nathan Dempsey           60     1   4  0  
 2 Brian Pothier            Mike Green               40     1   4  0  

Penalty Kill - 3 Players Forward 
   Forward                                           Time % Phy DF OF 
 1 Randy Robitaille                                  60     0   4  1  
 2 Anze Kopitar                                      40     0   4  1  

Penalty Kill - 3 Players Defense
   Defense                  Defense                  Time % Phy DF OF 
 1 Mike Green               Andy Rogers              60     1   4  0  
 2 Nathan Dempsey           Brian Pothier            40     1   4  0  

4 vs 4 Forward 
   Center                   Wing                     Time % Phy DF OF 
 1 Anze Kopitar             Mikkel Boedker           60     1   2  2  
 2 Joe Sakic                Patrick Marleau          40     1   2  2  

4 vs 4 Defense
   Defense                  Defense                  Time % Phy DF OF 
 1 Andy Rogers              Mike Green               60     1   2  2  
 2 Nathan Dempsey           Marc-Édouard Vlasic      40     1   2  2  

Last Minutes Offensive
   Center                   Left Wing                Right Wing               Defense                  Defense                  
   Anze Kopitar             Mikkel Boedker           Jordan Eberle            Marc-Édouard Vlasic      Mike Green               

Last Minutes Defensive
   Center                   Left Wing                Right Wing               Defense                  Defense                  
   Anze Kopitar             Patrick Marleau          Antti Miettinen          Andy Rogers              Mike Green               

Goaltenders
Starting : Jonathan Bernier         
Backup : Jean-Sébastien Giguère   

Extra Forwards
Normal : Anze Kopitar, Mikkel Boedker, Jordan Eberle - PP : Joe Sakic, Michel Ouellet - PK : Anze Kopitar
Extra Defensemen
Normal : Mike Green, Marc-Édouard Vlasic, Oliver Ekman-Larsson - PP : Nathan Dempsey - PK : Marc-Édouard Vlasic, Oliver Ekman-Larsson
Penalty Shots
Anze Kopitar, Patrick Marleau, Mikkel Boedker, Mike Green, Branko Radivojevic

% Time on Ice - Oilers

Lines # - Real PCT - Wanted PCT - Time Play
Normal Forward
1 - 34% - 40% - 16:38
2 - 27% - 35% - 13:17
3 - 22% - 16% - 10:55
4 - 17% - 9% - 8:26
Normal Defense
1 - 41% - 40% - 20:22
2 - 31% - 30% - 15:02
3 - 24% - 24% - 11:52
4 - 4% - 6% - 2:00
PP Forward
1 - 47% - 50% - 4:08
2 - 53% - 50% - 4:37
PP Defense
1 - 49% - 50% - 4:17
2 - 51% - 50% - 4:28
PK Forward
1 - 54% - 50% - 1:04
2 - 46% - 50% - 0:55
PK Defense
1 - 59% - 50% - 1:10
2 - 41% - 50% - 0:49
PK3 Forward
1 - 0% - 50%
2 - 0% - 50%
PK3 Defense
1 - 0% - 50%
2 - 0% - 50%
44 Forward
1 - 0% - 50%
2 - 0% - 50%
44 Defense
1 - 0% - 50%
2 - 0% - 50%
Last Minute Offensive  - 0:00
Last Minute Defensive  - 0:00
Total
Forward - 60:00
Defense - 60:00

% Time on Ice - Kings

Lines # - Real PCT - Wanted PCT - Time Play
Normal Forward
1 - 33% - 35% - 16:09
2 - 32% - 35% - 15:52
3 - 21% - 25% - 10:23
4 - 14% - 5% - 6:52
Normal Defense
1 - 39% - 40% - 19:21
2 - 37% - 35% - 18:15
3 - 20% - 20% - 10:04
4 - 3% - 5% - 1:36
PP Forward
1 - 48% - 60% - 0:57
2 - 52% - 40% - 1:02
PP Defense
1 - 40% - 60% - 0:48
2 - 60% - 40% - 1:11
PK Forward
1 - 80% - 60% - 7:00
2 - 20% - 40% - 1:45
PK Defense
1 - 75% - 60% - 6:34
2 - 25% - 40% - 2:11
PK3 Forward
1 - 0% - 60%
2 - 0% - 40%
PK3 Defense
1 - 0% - 60%
2 - 0% - 40%
44 Forward
1 - 0% - 60%
2 - 0% - 40%
44 Defense
1 - 0% - 60%
2 - 0% - 40%
Last Minute Offensive  - 0:00
Last Minute Defensive  - 0:00
Total
Forward - 60:00
Defense - 60:00

Play by Play

1st period


0:01 of 1st period - Pavel Datsyuk wins face-off versus Jordan Eberle in neutral zone.
0:35 of 1st period - Snap shot by Anze Kopitar.
0:35 of 1st period - Shot Misses the Net.
0:37 of 1st period - Snap shot by Anze Kopitar.
0:37 of 1st period - Shot Blocked by Duncan Keith.
0:39 of 1st period - Slapshot by Mike Green.
0:39 of 1st period - Shot Blocked by Duncan Keith.
1:08 of 1st period - Snap shot by Branko Radivojevic.
1:08 of 1st period - Stopped by Cam Ward without a rebound.
1:09 of 1st period - Randy Robitaille wins face-off versus Peter Regin in Oilers zone.
1:17 of 1st period - Slapshot by Branko Radivojevic.
1:17 of 1st period - Stopped by Cam Ward without a rebound.
1:18 of 1st period - Pavel Datsyuk wins face-off versus Anze Kopitar in Oilers zone.
2:23 of 1st period - Slapshot by Mike Green.
2:23 of 1st period - Stopped by Cam Ward with a rebound.
2:55 of 1st period - Christian Ehrhoff is hit by Jordan Eberle and loses puck.
3:18 of 1st period - Snap shot by Ian White.
3:18 of 1st period - Stopped by Jonathan Bernier without a rebound.
3:19 of 1st period - Pavel Datsyuk wins face-off versus Anze Kopitar in Kings zone.
3:32 of 1st period - Patrick Kane is hit by Mikkel Boedker and loses puck.
3:47 of 1st period - Snap shot by Patrick Marleau.
3:47 of 1st period - Shot Misses the Net.
3:49 of 1st period - Slapshot by Oliver Ekman-Larsson.
3:49 of 1st period - Shot Blocked by Scott Niedermayer.
3:55 of 1st period - Snap shot by Joe Sakic.
3:55 of 1st period - Stopped by Cam Ward without a rebound.
3:56 of 1st period - Pavel Datsyuk wins face-off versus Jamie Benn in Oilers zone.
4:51 of 1st period - Slapshot by Eric Nystrom.
4:51 of 1st period - Stopped by Jonathan Bernier without a rebound.
4:52 of 1st period - Brandon Dubinsky wins face-off versus Pavel Datsyuk in Kings zone.
5:24 of 1st period - Wrist shot by Jonathan Toews.
5:24 of 1st period - Shot Blocked by Michel Ouellet.
6:02 of 1st period - Wrist shot by Brandon Dubinsky.
6:02 of 1st period - Stopped by Cam Ward with a rebound.
6:53 of 1st period - Wrist shot by Anze Kopitar.
6:53 of 1st period - Shot Misses the Net.
7:30 of 1st period - Patrick Kane is hit by Jamie Benn and loses puck.
7:55 of 1st period - Snap shot by Jonathan Toews.
7:55 of 1st period - Shot Misses the Net.
8:12 of 1st period - Ian White is hit by Mikkel Boedker.
8:16 of 1st period - Ian White is hit by Brian Pothier and loses puck.
8:49 of 1st period - Mike Green is hit by Pavel Datsyuk and loses puck.
9:03 of 1st period - Duncan Keith is hit by Brandon Dubinsky and loses puck.
9:14 of 1st period - Mike Green is hit by Patrick Kane and loses puck.
9:21 of 1st period - Andy Rogers is hit by Patrick Kane and loses puck.
9:26 of 1st period - Wrist shot by Pavel Datsyuk.
9:26 of 1st period - Stopped by Jonathan Bernier without a rebound.
9:27 of 1st period - Anze Kopitar wins face-off versus Jonathan Toews in Kings zone.
10:34 of 1st period - Anze Kopitar is hit by Duncan Keith and loses puck.
10:39 of 1st period - Wrist shot by Pavel Datsyuk.
10:39 of 1st period - Shot Misses the Net.
10:41 of 1st period - Snap shot by Tomas Fleischmann.
10:41 of 1st period - Shot Misses the Net.
10:43 of 1st period - Snap shot by Steve Staios.
10:43 of 1st period - Shot Misses the Net.
11:03 of 1st period - Wrist shot by Jonathan Toews.
11:03 of 1st period - Shot Misses the Net.
12:14 of 1st period - Icing by Scott Niedermayer.
12:15 of 1st period - Jonathan Toews wins face-off versus Joe Sakic in Oilers zone.
12:22 of 1st period - Snap shot by Joe Sakic.
12:22 of 1st period - Shot Blocked by Scott Niedermayer.
12:24 of 1st period - Slapshot by Andy Rogers.
12:24 of 1st period - Stopped by Cam Ward without a rebound.
12:25 of 1st period - Pavel Datsyuk wins face-off versus Joe Sakic in Oilers zone.
13:10 of 1st period - Wrist shot by Eric Nystrom.
13:10 of 1st period - Goal by Eric Nystrom - Oilers : 1 - Kings : 0.
13:11 of 1st period - Anze Kopitar wins face-off versus Patrick Kane in neutral zone.
13:14 of 1st period - Steve Staios is hit by Brian Pothier and loses puck.
13:37 of 1st period - Joe Sakic is hit by Adam Burish and loses puck.
14:06 of 1st period - Olli Jokinen is hit by Brandon Dubinsky and loses puck.
14:42 of 1st period - Snap shot by Pavel Datsyuk.
14:42 of 1st period - Shot Misses the Net.
15:18 of 1st period - Snap shot by Eric Nystrom.
15:18 of 1st period - Shot Blocked by Brandon Dubinsky.
15:24 of 1st period - Snap shot by Brandon Dubinsky.
15:24 of 1st period - Shot Blocked by Olli Jokinen.
15:26 of 1st period - Slapshot by Jamie Benn.
15:26 of 1st period - Stopped by Cam Ward without a rebound.
15:27 of 1st period - Patrick Kane wins face-off versus Anze Kopitar in Oilers zone.
15:59 of 1st period - Snap shot by Jordan Eberle.
15:59 of 1st period - Deflect By Joe Sakic.
15:59 of 1st period - Goal by Joe Sakic - Oilers : 1 - Kings : 1.
16:00 of 1st period - Pavel Datsyuk wins face-off versus Patrick Marleau in neutral zone.
16:09 of 1st period - Wrist shot by Pavel Datsyuk.
16:09 of 1st period - Stopped by Jonathan Bernier with a rebound.
17:13 of 1st period - Snap shot by Brandon Dubinsky.
17:13 of 1st period - Stopped by Cam Ward with a rebound.
17:48 of 1st period - Snap shot by Branko Radivojevic.
17:48 of 1st period - Shot Misses the Net.
18:15 of 1st period - Steve Staios is hit by Mikkel Boedker.
18:31 of 1st period - Slapshot by Mike Green.
18:31 of 1st period - Shot Misses the Net.
18:33 of 1st period - Slapshot by Brian Pothier.
18:33 of 1st period - Shot Blocked by Ilya Kovalchuk.
19:08 of 1st period - Ian White is hit by Nathan Dempsey and loses puck.
19:37 of 1st period - Andy Rogers is hit by Adam Burish and loses puck.
19:48 of 1st period - Snap shot by Mikkel Boedker.
19:48 of 1st period - Shot Misses the Net.
Goals for this period are 1 for Oilers vs 1 for Kings.
Shots for this period are 5 for Oilers vs 9 for Kings.

2nd period


0:01 of 2nd period - Anze Kopitar wins face-off versus Tomas Fleischmann in neutral zone.
0:16 of 2nd period - Wrist shot by Anze Kopitar.
0:16 of 2nd period - Stopped by Cam Ward without a rebound.
0:17 of 2nd period - Jonathan Toews wins face-off versus Joe Sakic in Oilers zone.
0:17 of 2nd period - Jonathan Toews is hit by Mike Green.
0:52 of 2nd period - Wrist shot by Anze Kopitar.
0:52 of 2nd period - Stopped by Cam Ward with a rebound.
0:54 of 2nd period - Slapshot by Mikkel Boedker.
0:54 of 2nd period - Stopped by Cam Ward with a rebound.
1:08 of 2nd period - Snap shot by Antti Miettinen.
1:08 of 2nd period - Stopped by Cam Ward with a rebound.
1:18 of 2nd period - Scott Niedermayer is hit by Antti Miettinen and loses puck.
1:37 of 2nd period - Slapshot by Duncan Keith.
1:37 of 2nd period - Shot Blocked by Branko Radivojevic.
1:51 of 2nd period - Backhand shot by Peter Regin.
1:51 of 2nd period - Shot Blocked by Joe Sakic.
1:53 of 2nd period - Snap shot by Ian White.
1:53 of 2nd period - Shot Blocked by Nathan Dempsey.
1:55 of 2nd period - Slapshot by Ian White.
1:55 of 2nd period - Stopped by Jonathan Bernier with a rebound.
1:57 of 2nd period - Slapshot by Ian White.
1:57 of 2nd period - Deflect By Lubos Bartecko.
1:57 of 2nd period - Shot Blocked by Marc-Édouard Vlasic.
1:57 of 2nd period - Puck is out of play.
1:58 of 2nd period - Anze Kopitar wins face-off versus Pavel Datsyuk in Kings zone.
2:07 of 2nd period - Snap shot by Pavel Datsyuk.
2:07 of 2nd period - Stopped by Jonathan Bernier with a rebound.
2:23 of 2nd period - Mike Green is hit by Jonathan Toews and loses puck.
2:32 of 2nd period - Jonathan Toews is hit by Mike Green.
3:08 of 2nd period - Wrist shot by Eric Nystrom.
3:08 of 2nd period - Shot Blocked by Andy Rogers.
3:14 of 2nd period - Snap shot by Peter Regin.
3:14 of 2nd period - Shot Misses the Net.
3:16 of 2nd period - Snap shot by Steve Begin.
3:16 of 2nd period - Deflect By Peter Regin.
3:16 of 2nd period - Shot Blocked by Anze Kopitar.
3:16 of 2nd period - Puck is out of play.
3:17 of 2nd period - Joe Sakic wins face-off versus Pavel Datsyuk in Kings zone.
4:47 of 2nd period - Joe Sakic is hit by Tomas Fleischmann and loses puck.
5:06 of 2nd period - Wrist shot by Jonathan Toews.
5:06 of 2nd period - Stopped by Jonathan Bernier without a rebound.
5:07 of 2nd period - Jonathan Toews wins face-off versus Anze Kopitar in Kings zone.
5:19 of 2nd period - Minor Penalty to Michel Ouellet for Roughing.
5:20 of 2nd period - Pavel Datsyuk wins face-off versus Joe Sakic in Kings zone.
5:26 of 2nd period - Wrist shot by Pavel Datsyuk.
5:26 of 2nd period - Shot Blocked by Nathan Dempsey.
5:28 of 2nd period - Slapshot by Christian Ehrhoff.
5:28 of 2nd period - Shot Blocked by Andy Rogers.
5:30 of 2nd period - Wrist shot by Pavel Datsyuk.
5:30 of 2nd period - Goal by Pavel Datsyuk - Oilers : 2 - Kings : 1.
5:31 of 2nd period - Joe Sakic wins face-off versus Pavel Datsyuk in neutral zone.
5:34 of 2nd period - Slapshot by Mike Green.
5:34 of 2nd period - Stopped by Cam Ward without a rebound.
5:35 of 2nd period - Pavel Datsyuk wins face-off versus Joe Sakic in Oilers zone.
5:45 of 2nd period - Patrick Kane is hit by Jordan Eberle and loses puck.
6:40 of 2nd period - Minor Penalty to Ilya Kovalchuk for Hooking.
6:41 of 2nd period - Pavel Datsyuk wins face-off versus Brandon Dubinsky in Oilers zone.
6:56 of 2nd period - Snap shot by Brandon Dubinsky.
6:56 of 2nd period - Shot Misses the Net.
7:14 of 2nd period - Slapshot by Marc-Édouard Vlasic.
7:14 of 2nd period - Shot Misses the Net.
8:40 of 2nd period - Penalty to Ilya Kovalchuk is over, Ilya Kovalchuk is back on ice.
8:50 of 2nd period - Minor Penalty to Oliver Ekman-Larsson for Interference.
8:51 of 2nd period - Joe Sakic wins face-off versus Pavel Datsyuk in Kings zone.
8:59 of 2nd period - Snap shot by Patrick Kane.
8:59 of 2nd period - Stopped by Jonathan Bernier without a rebound.
9:00 of 2nd period - Pavel Datsyuk wins face-off versus Joe Sakic in Kings zone.
9:05 of 2nd period - Snap shot by Patrick Kane.
9:05 of 2nd period - Deflect By Joe Sakic.
9:05 of 2nd period - Shot Misses the Net.
9:05 of 2nd period - Puck is out of play.
9:06 of 2nd period - Jonathan Toews wins face-off versus Joe Sakic in Kings zone.
9:07 of 2nd period - Wrist shot by Ilya Kovalchuk.
9:07 of 2nd period - Shot Blocked by Andy Rogers.
9:09 of 2nd period - Slapshot by Christian Ehrhoff.
9:09 of 2nd period - Stopped by Jonathan Bernier with a rebound.
9:17 of 2nd period - Wrist shot by Ilya Kovalchuk.
9:17 of 2nd period - Shot Blocked by Andy Rogers.
9:19 of 2nd period - Wrist shot by Jonathan Toews.
9:19 of 2nd period - Goal by Jonathan Toews - Oilers : 3 - Kings : 1.
9:20 of 2nd period - Pavel Datsyuk wins face-off versus Anze Kopitar in neutral zone.
10:10 of 2nd period - Slapshot by Mike Green.
10:10 of 2nd period - Deflect By Brandon Dubinsky.
10:10 of 2nd period - Shot Misses the Net.
10:10 of 2nd period - Puck is out of play.
10:11 of 2nd period - Anze Kopitar wins face-off versus Olli Jokinen in Oilers zone.
10:27 of 2nd period - Christian Ehrhoff is hit by Anze Kopitar and loses puck.
10:35 of 2nd period - Minor Penalty to Michel Ouellet for Hooking.
10:36 of 2nd period - Jonathan Toews wins face-off versus Joe Sakic in Kings zone.
10:48 of 2nd period - Wrist shot by Adam Burish.
10:48 of 2nd period - Stopped by Jonathan Bernier without a rebound.
10:49 of 2nd period - Pavel Datsyuk wins face-off versus Joe Sakic in Kings zone.
10:54 of 2nd period - Wrist shot by Pavel Datsyuk.
10:54 of 2nd period - Goal by Pavel Datsyuk - Oilers : 4 - Kings : 1.
10:54 of 2nd period - Jean-Sébastien Giguère enters game.
10:55 of 2nd period - Pavel Datsyuk wins face-off versus Anze Kopitar in neutral zone.
11:02 of 2nd period - Wrist shot by Michel Ouellet.
11:02 of 2nd period - Deflect By Anze Kopitar.
11:02 of 2nd period - Shot Misses the Net.
11:02 of 2nd period - Puck is out of play.
11:03 of 2nd period - Tomas Fleischmann wins face-off versus Anze Kopitar in Oilers zone.
11:03 of 2nd period - Tomas Fleischmann is hit by Mikkel Boedker.
11:22 of 2nd period - Minor Penalty to Mikkel Boedker for Holding.
11:23 of 2nd period - Jonathan Toews wins face-off versus Joe Sakic in Kings zone.
11:23 of 2nd period - Snap shot by Adam Burish.
11:23 of 2nd period - Shot Misses the Net.
12:41 of 2nd period - Duncan Keith is hit by Branko Radivojevic.
12:50 of 2nd period - Wrist shot by Ilya Kovalchuk.
12:50 of 2nd period - Stopped by Jean-Sébastien Giguère with a rebound.
12:52 of 2nd period - Slapshot by Ian White.
12:52 of 2nd period - Shot Blocked by Nathan Dempsey.
13:00 of 2nd period - Slapshot by Ilya Kovalchuk.
13:00 of 2nd period - Stopped by Jean-Sébastien Giguère with a rebound.
13:02 of 2nd period - Snap shot by Ian White.
13:02 of 2nd period - Stopped by Jean-Sébastien Giguère with a rebound.
13:04 of 2nd period - Backhand shot by Christian Ehrhoff.
13:04 of 2nd period - Stopped by Jean-Sébastien Giguère without a rebound.
13:05 of 2nd period - Pavel Datsyuk wins face-off versus Joe Sakic in Kings zone.
13:10 of 2nd period - Snap shot by Patrick Kane.
13:10 of 2nd period - Goal by Patrick Kane - Oilers : 5 - Kings : 1.
13:11 of 2nd period - Joe Sakic wins face-off versus Pavel Datsyuk in neutral zone.
13:36 of 2nd period - Brandon Dubinsky is hit by Patrick Kaleta and loses puck.
13:59 of 2nd period - Snap shot by Peter Regin.
13:59 of 2nd period - Stopped by Jean-Sébastien Giguère with a rebound.
14:05 of 2nd period - Christian Ehrhoff is hit by Mikkel Boedker and loses puck.
14:18 of 2nd period - Slapshot by Patrick Kane.
14:18 of 2nd period - Stopped by Jean-Sébastien Giguère with a rebound.
14:20 of 2nd period - Snap shot by Patrick Kane.
14:20 of 2nd period - Deflect By Tomas Fleischmann.
14:20 of 2nd period - Shot Misses the Net.
14:20 of 2nd period - Puck is out of play.
14:21 of 2nd period - Pavel Datsyuk wins face-off versus Joe Sakic in Kings zone.
14:30 of 2nd period - Snap shot by Patrick Kane.
14:30 of 2nd period - Shot Misses the Net.
14:35 of 2nd period - Icing by Joe Sakic.
14:36 of 2nd period - Joe Sakic wins face-off versus Jonathan Toews in Kings zone.
14:47 of 2nd period - Wrist shot by Ilya Kovalchuk.
14:47 of 2nd period - Stopped by Jean-Sébastien Giguère without a rebound.
14:48 of 2nd period - Pavel Datsyuk wins face-off versus Anze Kopitar in Kings zone.
15:00 of 2nd period - Icing by Marc-Édouard Vlasic.
15:01 of 2nd period - Jonathan Toews wins face-off versus Anze Kopitar in Kings zone.
15:04 of 2nd period - Wrist shot by Jonathan Toews.
15:04 of 2nd period - Stopped by Jean-Sébastien Giguère without a rebound.
15:05 of 2nd period - Joe Sakic wins face-off versus Jonathan Toews in Kings zone.
15:05 of 2nd period - Joe Sakic is hit by Ian White.
15:33 of 2nd period - Snap shot by Patrick Kane.
15:33 of 2nd period - Shot Blocked by Mike Green.
15:39 of 2nd period - Snap shot by Pavel Datsyuk.
15:39 of 2nd period - Stopped by Jean-Sébastien Giguère without a rebound.
15:40 of 2nd period - Pavel Datsyuk wins face-off versus Anze Kopitar in Kings zone.
15:51 of 2nd period - Marc-Édouard Vlasic is hit by Scott Niedermayer and loses puck.
16:11 of 2nd period - Snap shot by Ilya Kovalchuk.
16:11 of 2nd period - Stopped by Jean-Sébastien Giguère with a rebound.
16:13 of 2nd period - Slapshot by Ilya Kovalchuk.
16:13 of 2nd period - Stopped by Jean-Sébastien Giguère with a rebound.
16:15 of 2nd period - Slapshot by Duncan Keith.
16:15 of 2nd period - Shot Blocked by Marc-Édouard Vlasic.
16:17 of 2nd period - Slapshot by Scott Niedermayer.
16:17 of 2nd period - Stopped by Jean-Sébastien Giguère without a rebound.
16:18 of 2nd period - Jonathan Toews wins face-off versus Antti Miettinen in Kings zone.
16:31 of 2nd period - Ilya Kovalchuk is hit by Antti Miettinen and loses puck.
17:37 of 2nd period - Randy Robitaille is hit by Steve Begin and loses puck.
17:52 of 2nd period - Slapshot by Mikkel Boedker.
17:52 of 2nd period - Shot Blocked by Jonathan Toews.
17:54 of 2nd period - Slapshot by Marc-Édouard Vlasic.
17:54 of 2nd period - Deflect By Ilya Kovalchuk.
17:54 of 2nd period - Stopped by Cam Ward without a rebound.
17:55 of 2nd period - Pavel Datsyuk wins face-off versus Anze Kopitar in Oilers zone.
17:55 of 2nd period - Pavel Datsyuk is hit by Mikkel Boedker.
18:01 of 2nd period - Tomas Fleischmann is hit by Michel Ouellet and loses puck.
18:38 of 2nd period - Minor Penalty to Mikkel Boedker for Holding.
18:39 of 2nd period - Pavel Datsyuk wins face-off versus Joe Sakic in Kings zone.
18:55 of 2nd period - Joe Sakic is hit by Tomas Fleischmann and loses puck.
19:55 of 2nd period - Icing by Pavel Datsyuk.
19:56 of 2nd period - Pavel Datsyuk wins face-off versus Randy Robitaille in Oilers zone.
Goals for this period are 4 for Oilers vs 0 for Kings.
Shots for this period are 22 for Oilers vs 6 for Kings.

3rd period


0:01 of 3rd period - Pavel Datsyuk wins face-off versus Joe Sakic in neutral zone.
0:18 of 3rd period - Antti Miettinen is hit by Pavel Datsyuk and loses puck.
0:29 of 3rd period - Slapshot by Ian White.
0:29 of 3rd period - Stopped by Jean-Sébastien Giguère with a rebound.
0:31 of 3rd period - Snap shot by Tomas Fleischmann.
0:31 of 3rd period - Shot Misses the Net.
0:33 of 3rd period - Snap shot by Tomas Fleischmann.
0:33 of 3rd period - Stopped by Jean-Sébastien Giguère without a rebound.
0:34 of 3rd period - Randy Robitaille wins face-off versus Jonathan Toews in Kings zone.
0:38 of 3rd period - Penalty to Mikkel Boedker is over, Mikkel Boedker is back on ice.
1:11 of 3rd period - Off-side.
1:12 of 3rd period - Randy Robitaille wins face-off versus Pavel Datsyuk in neutral zone.
1:15 of 3rd period - Pavel Datsyuk is hit by Marc-Édouard Vlasic.
1:21 of 3rd period - Wrist shot by Patrick Kane.
1:21 of 3rd period - Shot Misses the Net.
1:56 of 3rd period - Patrick Kaleta is hit by Brandon Dubinsky and loses puck.
2:21 of 3rd period - Snap shot by Peter Regin.
2:21 of 3rd period - Stopped by Jean-Sébastien Giguère without a rebound.
2:22 of 3rd period - Anze Kopitar wins face-off versus Tomas Fleischmann in Kings zone.
2:22 of 3rd period - Anze Kopitar is hit by Pavel Datsyuk.
2:52 of 3rd period - Mike Green is hit by Ian White and loses puck.
3:17 of 3rd period - Snap shot by Joe Sakic.
3:17 of 3rd period - Shot Misses the Net.
3:54 of 3rd period - Off-side.
3:55 of 3rd period - Jordan Eberle wins face-off versus Pavel Datsyuk in neutral zone.
4:04 of 3rd period - Snap shot by Joe Sakic.
4:04 of 3rd period - Stopped by Cam Ward with a rebound.
4:06 of 3rd period - Slapshot by Joe Sakic.
4:06 of 3rd period - Stopped by Cam Ward with a rebound.
4:10 of 3rd period - Wrist shot by Joe Sakic.
4:10 of 3rd period - Shot Misses the Net.
4:47 of 3rd period - Slapshot by Zach Bogosian.
4:47 of 3rd period - Shot Misses the Net.
4:49 of 3rd period - Slapshot by Zach Bogosian.
4:49 of 3rd period - Stopped by Jean-Sébastien Giguère with a rebound.
4:51 of 3rd period - Snap shot by Eric Nystrom.
4:51 of 3rd period - Shot Misses the Net.
4:59 of 3rd period - Minor Penalty to Anze Kopitar for Hooking.
5:00 of 3rd period - Joe Sakic wins face-off versus Pavel Datsyuk in Kings zone.
5:15 of 3rd period - Snap shot by Antti Miettinen.
5:15 of 3rd period - Shot Misses the Net.
6:59 of 3rd period - Penalty to Anze Kopitar is over, Anze Kopitar is back on ice.
7:14 of 3rd period - Michel Ouellet is hit by Steve Staios and loses puck.
8:11 of 3rd period - Snap shot by Anze Kopitar.
8:11 of 3rd period - Shot Blocked by Scott Niedermayer.
8:43 of 3rd period - Slapshot by Branko Radivojevic.
8:43 of 3rd period - Shot Misses the Net.
8:56 of 3rd period - Off-side.
8:57 of 3rd period - Jonathan Toews wins face-off versus Joe Sakic in neutral zone.
10:01 of 3rd period - Christian Ehrhoff is hit by Mikkel Boedker and loses puck.
10:32 of 3rd period - Wrist shot by Anze Kopitar.
10:32 of 3rd period - Stopped by Cam Ward without a rebound.
10:33 of 3rd period - Joe Sakic wins face-off versus Tomas Fleischmann in Oilers zone.
10:36 of 3rd period - Snap shot by Jordan Eberle.
10:36 of 3rd period - Goal by Jordan Eberle - Oilers : 5 - Kings : 2.
10:37 of 3rd period - Joe Sakic wins face-off versus Pavel Datsyuk in neutral zone.
10:46 of 3rd period - Slapshot by Mike Green.
10:46 of 3rd period - Shot Blocked by Scott Niedermayer.
10:48 of 3rd period - Snap shot by Mike Green.
10:48 of 3rd period - Stopped by Cam Ward with a rebound.
11:02 of 3rd period - Brian Pothier is hit by Jonathan Toews and loses puck.
12:12 of 3rd period - Snap shot by Pavel Datsyuk.
12:12 of 3rd period - Stopped by Jean-Sébastien Giguère without a rebound.
12:13 of 3rd period - Jonathan Toews wins face-off versus Brandon Dubinsky in Kings zone.
12:21 of 3rd period - Marc-Édouard Vlasic is hit by Ian White and loses puck.
13:08 of 3rd period - Snap shot by Anze Kopitar.
13:08 of 3rd period - Stopped by Cam Ward without a rebound.
13:09 of 3rd period - Pavel Datsyuk wins face-off versus Brandon Dubinsky in Oilers zone.
13:09 of 3rd period - Pavel Datsyuk is hit by Mike Green.
13:45 of 3rd period - Minor Penalty to Patrick Marleau for Holding.
13:46 of 3rd period - Joe Sakic wins face-off versus Pavel Datsyuk in Kings zone.
14:15 of 3rd period - Snap shot by Ilya Kovalchuk.
14:15 of 3rd period - Shot Misses the Net.
14:17 of 3rd period - Slapshot by Adam Burish.
14:17 of 3rd period - Goal by Adam Burish - Oilers : 6 - Kings : 2.
14:18 of 3rd period - Pavel Datsyuk wins face-off versus Anze Kopitar in neutral zone.
14:23 of 3rd period - Slapshot by Pavel Datsyuk.
14:23 of 3rd period - Shot Misses the Net.
14:34 of 3rd period - Brian Pothier is hit by Patrick Kane and loses puck.
15:11 of 3rd period - Mike Green is hit by Olli Jokinen and loses puck.
15:32 of 3rd period - Snap shot by Branko Radivojevic.
15:32 of 3rd period - Stopped by Cam Ward without a rebound.
15:32 of 3rd period - Sean Avery and Peter Regin fight to a draw.
15:32 of 3rd period - Penalty to Sean Avery for Fighting.
15:32 of 3rd period - Penalty to Peter Regin for Fighting.
15:33 of 3rd period - Joe Sakic wins face-off versus Pavel Datsyuk in Oilers zone.
15:47 of 3rd period - Wrist shot by Mike Green.
15:47 of 3rd period - Stopped by Cam Ward without a rebound.
15:48 of 3rd period - Anze Kopitar wins face-off versus Jonathan Toews in Oilers zone.
15:51 of 3rd period - Slapshot by Mikkel Boedker.
15:51 of 3rd period - Shot Misses the Net.
15:53 of 3rd period - Slapshot by Mike Green.
15:53 of 3rd period - Stopped by Cam Ward without a rebound.
15:54 of 3rd period - Jonathan Toews wins face-off versus Michel Ouellet in Oilers zone.
16:19 of 3rd period - Snap shot by Brandon Dubinsky.
16:19 of 3rd period - Shot Misses the Net.
16:25 of 3rd period - Snap shot by Antti Miettinen.
16:25 of 3rd period - Stopped by Cam Ward with a rebound.
16:27 of 3rd period - Slapshot by Brandon Dubinsky.
16:27 of 3rd period - Stopped by Cam Ward without a rebound.
16:28 of 3rd period - Joe Sakic wins face-off versus Pavel Datsyuk in Oilers zone.
17:19 of 3rd period - Lubos Bartecko is hit by Jamie Benn and loses puck.
17:36 of 3rd period - Wrist shot by Patrick Marleau.
17:36 of 3rd period - Shot Blocked by Patrick Kane.
17:38 of 3rd period - Slapshot by Mike Green.
17:38 of 3rd period - Deflect By Patrick Marleau.
17:38 of 3rd period - Shot Misses the Net.
17:38 of 3rd period - Puck is out of play.
17:39 of 3rd period - Joe Sakic wins face-off versus Pavel Datsyuk in Oilers zone.
17:48 of 3rd period - Wrist shot by Patrick Marleau.
17:48 of 3rd period - Stopped by Cam Ward without a rebound.
17:49 of 3rd period - Pavel Datsyuk wins face-off versus Joe Sakic in Oilers zone.
17:54 of 3rd period - Snap shot by Ian White.
17:54 of 3rd period - Stopped by Jean-Sébastien Giguère with a rebound.
17:56 of 3rd period - Wrist shot by Patrick Kane.
17:56 of 3rd period - Shot Blocked by Patrick Marleau.
17:58 of 3rd period - Slapshot by Ian White.
17:58 of 3rd period - Shot Blocked by Mike Green.
18:00 of 3rd period - Slapshot by Patrick Kane.
18:00 of 3rd period - Shot Blocked by Mike Green.
18:02 of 3rd period - Snap shot by Pavel Datsyuk.
18:02 of 3rd period - Shot Blocked by Brian Pothier.
18:04 of 3rd period - Snap shot by Tomas Fleischmann.
18:04 of 3rd period - Shot Misses the Net.
18:06 of 3rd period - Slapshot by Ian White.
18:06 of 3rd period - Stopped by Jean-Sébastien Giguère with a rebound.
18:08 of 3rd period - Slapshot by Pavel Datsyuk.
18:08 of 3rd period - Stopped by Jean-Sébastien Giguère with a rebound.
18:10 of 3rd period - Backhand shot by Pavel Datsyuk.
18:10 of 3rd period - Shot Misses the Net.
18:31 of 3rd period - Double Minor Penalty to Joe Sakic for Roughing.
18:32 of 3rd period - Anze Kopitar wins face-off versus Jonathan Toews in Kings zone.
18:38 of 3rd period - Wrist shot by Andy Rogers.
18:38 of 3rd period - Stopped by Cam Ward with a rebound.
18:42 of 3rd period - Snap shot by Anze Kopitar.
18:42 of 3rd period - Deflect By Adam Burish.
18:42 of 3rd period - Shot Blocked by Scott Niedermayer.
18:42 of 3rd period - Puck is out of play.
18:43 of 3rd period - Anze Kopitar wins face-off versus Pavel Datsyuk in Oilers zone.
18:50 of 3rd period - Slapshot by Christian Ehrhoff.
18:50 of 3rd period - Goal by Christian Ehrhoff - Oilers : 7 - Kings : 2.
18:51 of 3rd period - Pavel Datsyuk wins face-off versus Anze Kopitar in neutral zone.
19:48 of 3rd period - Icing by Adam Burish.
19:49 of 3rd period - Jonathan Toews wins face-off versus Brandon Dubinsky in Oilers zone.
Goals for this period are 2 for Oilers vs 1 for Kings.
Shots for this period are 10 for Oilers vs 13 for Kings.


Output by the SimonT Hockey Simulator (STHS) for François Prévost -- Original Page W3C XHTML 1.0 Valid
Hockey Simulator - Hockey Simulation - Hockey Manager